 Dungeon Crawl Stone Soup version 0.29.0-4-gdea44cf6ec (webtiles) character file.

Game seed: 7794201895343589764

68 greasedhog the Trooper (level 4, -1/30 HPs)
             Began as a Gargoyle Fighter on Aug 27, 2022.
             Slain by a black bear (2 damage)
             ... on level 3 of the Dungeon.
             The game lasted 00:01:38 (1953 turns).

greasedhog the Trooper (Gargoyle Fighter)           Turns: 1953, Time: 00:01:38

Health: -1/30      AC: 10    Str: 21    XL:     4   Next: 19%
Magic:  4/4        EV:  9    Int:  9    God:
Gold:   64         SH:  5    Dex:  9    Spells: 3/3 levels left

rFire   . . .      SeeInvis .   a - +0 flail
rCold   . . .      Faith    .   c - +1 buckler
rNeg    + . .      Spirit   .   b - +0 scale mail
rPois   ∞          Reflect  .   (no helmet)
rElec   +          Harm     .   (no cloak)
rCorr   .          Rampage  .   (no gloves)
Will    .....                   (no boots)
Stlth   ..........              (no amulet)
HPRegen 0.10/turn               (no ring)
MPRegen 0.09/turn               (no ring)

@: no status effects
A: sickness immunity, AC +3, negative energy resistance 1, electricity
resistance, torment resistance 1, petrification resistance
a: no special abilities


You were on level 3 of the Dungeon.
You visited 1 branch of the dungeon, and saw 3 of its levels.

You collected 64 gold pieces.

Inventory:

Hand Weapons
 a - a +0 flail (weapon)
Armour
 b - a +0 scale mail (worn)
 c - a +1 buckler (worn)
Scrolls
 g - a scroll of blinking
Potions
 d - 2 potions of might
 e - a potion of curing {unknown}
 f - 2 potions of ambrosia {unknown}
 h - a potion of flight {unknown}


   Skills:
 * Level 4.4 Fighting
 * Level 3.3 Maces & Flails
 - Level 3.2 Armour
 - Level 3.2 Shields


You had 3 spell levels left.
You didn't know any spells.
Your spell library contained the following spells:

 Spells                   Type           Power      Damage    Failure   Level
 Sting                    Tmut/Pois      0%         1d3       82%         1
 Poisonous Vapours        Pois/Air       0%         N/A       91%         2
 Fulminant Prism          Conj/Hex       0%         3d6       100%        4
 Iskenderun's Mystic Bla  Conj/Tloc      0%         2d3       100%        4
 Olgreb's Toxic Radiance  Pois           0%         N/A       100%        4
 Lee's Rapid Deconstruct  Erth           0%         3d5*      100%        5


Dungeon Overview and Level Annotations

Branches:
Dungeon (3/15)

Altars:


Innate Abilities, Weirdness & Mutations

You are immune to sickness and miasma.
Your stone body is resilient. (AC +3)
You are immune to poison.
You resist negative energy. (rN+)
You are resistant to electric shocks. (rElec)
You are resistant to unholy torment.
You are immune to petrification.


Message History

The black bear barely misses you.
You sock the black bear!
The black bear is moderately wounded.
You block the black bear's attack.
The black bear claws you but does no damage.
The black bear barely misses you.
You sock the black bear!
The black bear is heavily wounded.
You block the black bear's attack. The black bear completely misses you.
The black bear closely misses you.
The black bear bites you but does no damage.
The black bear claws you but does no damage.
The black bear claws you.
You hit the black bear but do no damage.
The black bear is heavily wounded.
The black bear bites you but does no damage.
The black bear closely misses you.
The black bear claws you but does no damage.
You sock the black bear!
The black bear is almost dead.
The black bear bites you. The black bear completely misses you.
The black bear barely misses you.
You hit the black bear but do no damage.
The black bear is almost dead.
The black bear goes berserk!
You completely miss the black bear.
The black bear is almost dead.
The black bear barely misses you. x2; The black bear closely misses you.
The black bear bites you!
The black bear claws you but does no damage.
You block the black bear's attack.
You closely miss the black bear.
The black bear is almost dead.
The black bear bites you!
* * * LOW HITPOINT WARNING * * *
The black bear claws you but does no damage. x2
The black bear bites you.
* * * LOW HITPOINT WARNING * * *
The black bear claws you.
You die...

#...♣.♣.♣.♣.♣
#######............
#.........♣.♣.♣.♣.♣
...####.#...........
### #.#..♣.♣.♣.♣.♣
#..####.#...........
#...##..#..#.♣.♣.♣.♣
#..#..##..###.#####
##.@..##...##.......
#....h...<......######
.$..###.####.#.####
... #.. #.#.# .. ##.
..#.# . ..#..#.#
....##.# ##.. .# #..


You could see a black bear (berserk).

Vanquished Creatures
  A gnoll (D:1)
  2 adders (D:2)
  A dart slug (D:2)
  An orc (D:2)
  2 ball pythons (D:1)
  6 bats
  3 endoplasms
  5 goblins
  3 hobgoblins
  2 quokkas (D:1)
  5 frilled lizards (D:1)
  5 kobolds (D:1)
  2 rats (D:1)
38 creatures vanquished.

Notes
Turn   | Place    | Note
-------+----------+-------------------------------------------
     0 | D:1      | greasedhog the Gargoyle Fighter began the quest for the
                  | Orb.
     0 | D:1      | Reached XP level 1. HP: 14/14 MP: 1/1
   120 | D:1      | Reached XP level 2. HP: 19/19 MP: 2/2
   355 | D:1      | Reached skill level 4 in Fighting
   355 | D:1      | Reached XP level 3. HP: 17/24 MP: 3/3
   510 | D:1      | Found a faded altar of an unknown god.
   911 | D:1      | You fall into a shaft and drop 1 floor!
  1642 | D:2      | Reached XP level 4. HP: 28/30 MP: 4/4
  1942 | D:3      | Noticed a black bear
  1953 | D:3      | HP: 1/30 [black bear (3)]
  1953 | D:3      | Slain by a black bear

Illustrated notes

Levels and vault maps discovered:
D:1:      ncdulo_watergridlock, layout_loops_cross,
          shapermc_ecumenical_altar_petra, st_stairs_12
D:2:      minmay_wonky_spiral, layout_basic
D:3:      layout_rooms, kennysheep_crisscross

Skill      XL: |  1  2  3 |
---------------+----------+-----
Fighting       | 4 |  4.4
Maces & Flails | 3 |  3.3
Armour         | |  3.2
Shields        | |  3.2

Action                   |  1- 3 |  4- 6 || total
-------------------------+-------+-------++-------
Melee: Flail             |   126 |    20 ||   146
  Use: Scroll            |     4 |       ||     4
Armor: Scale mail        |    71 |    19 ||    90
Dodge: Dodged            |    61 |    19 ||    80
Block: Buckler           |    21 |     8 ||    29
